 Dungeon Crawl Stone Soup version 0.31-a0-1576-ga3383bade6 (webtiles) character file.

Game seed: 1291070922870828387

852 Flugslaktarn the Apothecary (level 8, -1/54 HPs)
             Began as an Octopode Alchemist on Jan 4, 2024.
             Was a Follower of Wu Jian.
             Slain by an ice beast (6 damage)
             ... on level 7 of the Dungeon.
             The game lasted 00:04:58 (2127 turns).

Flugslaktarn the Apothecary (Octopode Alchemist)    Turns: 2127, Time: 00:04:58

Health: -1/54      AC:  1    Str:  8    XL:     8   Next: 1%
Magic:  10/12      EV: 13    Int: 17    God:    Wu Jian [*.....]
Gold:   253        SH:  0    Dex: 14    Spells: 7/12 levels left

rFire   . . .        e - +8 flail "Viecw" {flame, rElec}
rCold   . . .        (no shield)
rNeg    . . .        (helmet restricted)
rPois   .            (no amulet)
rElec   +            (no ring)
rCorr   .            (no ring)
SInv    .            (no ring)
Will    .....        (no ring)
Stlth   +++          (no ring)
HPRegen 0.29/turn    (no ring)
MPRegen 0.13/turn    (no ring)
                     (no ring)

%: no passive effects
@: no status effects
A: almost no armour, amphibious, 8 rings, camouflage 1, gelatinous body 1,
(nimble swimmer 1), tentacles
a: Renounce Religion


You were on level 7 of the Dungeon.
You worshipped Wu Jian.
Wu Jian was aware of your devotion.
You visited 2 branches of the dungeon, and saw 8 of its levels.

You collected 253 gold pieces.

Inventory:

Hand Weapons
 c - the +1 whip of Causality {elec, rF++ Str-5 SInv Stlth+}
   (You found it on level 5 of the Dungeon)

   Str-5:     It affects your strength (-5).
   rF++:      It greatly protects you from fire.
   SInv:      It lets you see invisible.
   Stlth+:    It makes you more stealthy.
 e - the +8 flail "Viecw" (weapon) {flame, rElec}
   (You found it on level 3 of the Dungeon)

   rElec:     It insulates you from electricity.
 i - a +2 dagger of speed
   (You took it off a kobold on level 4 of the Dungeon)
 j - the +7 spear of the Badger {flame, Will+}
   (You found it on level 5 of the Dungeon)

   Will+:     It increases your willpower.
Wands
 l - a wand of iceblast (5)
   (You took it off Ijyb on level 5 of the Dungeon)
 m - a wand of charming (9)
   (You found it on level 6 of the Dungeon)
Scrolls
 b - a scroll of enchant armour {unknown}
 f - a scroll of fog
 g - a scroll of amnesia
 h - a scroll of revelation
 n - a scroll of noise {unknown}
 z - a scroll of blinking
Potions
 a - a potion of magic
 k - a potion of cancellation {unknown}
 p - a potion of heal wounds {unknown}
 q - 3 potions of curing


   Skills:
 + Level 4.2 Fighting
 + Level 4.2 Maces & Flails
 - Level 2.0 Dodging
 - Level 2.6 Stealth
 - Level 2.9 Spellcasting
 - Level 1.0 Conjurations
 * Level 6.5 Alchemy
 + Level 1.7 Evocations


You had 7 spell levels left.
You knew the following spells:

 Your Spells              Type           Power      Damage    Failure   Level
a - Sting                 Conj/Alch      60%        1d6       3%          1
b - Olgreb's Toxic Radia  Alch           24%        N/A       12%         4

Your spell library contained the following spells:

 Spells                   Type           Power      Damage    Failure   Level
 Mercury Vapours          Alch/Air       26%        N/A       7%          2
 Mephitic Cloud           Conj/Alch/Air  10%        N/A       19%         3
 Lesser Beckoning         Tloc           4%         N/A       26%         2
 Sticky Flame             Fire/Alch      13%        2d5       43%         4
 Gell's Gravitas          Tloc           2%         N/A       47%         3
 Teleport Other           Tloc           2%         N/A       47%         3
 Tukima's Dance           Hex            2%         N/A       47%         3
 Yara's Violent Unravell  Hex/Alch       6%         3d5       78%         5
 Passage of Golubria      Tloc           2%         N/A       87%         4
 Eringya's Noxious Bog    Alch           12%        4d6       88%         6
 Summon Forest            Summ/Tloc      1%         N/A       99%         5
 Summon Hydra             Summ           1%         N/A       100%        7


Dungeon Overview and Level Annotations

Branches:
Dungeon (7/15)             Temple (1/1) D:4

Altars:
Ashenzari
Cheibriados
Elyvilon
Fedhas
Kikubaaqudgha
Makhleb
Qazlal
Ru
Sif Muna
Trog
Uskayaw
Vehumet
Wu Jian
Xom
Yredelemnul
Zin
The Shining One

Shops:
D:6 (

Annotations:
D:3 3 runed translucent doors, AquilaWing's ghost, amateur HOMo


Innate Abilities, Weirdness & Mutations

You cannot wear most types of armour.
You are amphibious.
You can wear up to eight rings at the same time.
Your skin changes colour to match your surroundings (Stealth+).
Your rubbery body absorbs attacks. (AC +1, EV +1)
((You are camouflaged when in or above water. (Stealth+)))
You have tentacles for arms and can constrict up to eight enemies at once.


Message History

The centaur wields a +0 shortbow.
The centaur shoots an arrow.
The arrow hits you!
The centaur shoots an arrow.
The arrow hits you!
The centaur shoots an arrow.
The arrow hits you!
* * * LOW HITPOINT WARNING * * *
As you read the scroll of fear, it crumbles to dust.
You assume a fearsome visage.
The centaur looks frightened!
You feel better.
You feel better.
Cornered, the centaur turns to fight!
The centaur shoots an arrow.
The arrow completely misses you.
The centaur shoots an arrow.
The arrow hits you.
The centaur shoots an arrow.
The arrow hits you!
* * * LOW HITPOINT WARNING * * *
The centaur shoots an arrow.
The arrow barely misses you.
You lunge at the centaur.
You barely miss the centaur. You squeeze the centaur!
The centaur is moderately wounded.
The centaur unwields a +0 shortbow.
The centaur closely misses you. x2
You sock the centaur! You burn the centaur.
You kill the centaur!
The Council accepts your kill.
You see here a +0 shortbow.
Found Kirexkis's Antique Weapon Shoppe.
q - 3 potions of curing (gained 1)
There is an entrance to Kirexkis's Antique Weapon Shoppe here.
You can access your shopping list by pressing '$'.
Blink to where?
Press: ? - help, Dir - move target
As you read the scroll labelled MUTOS BUJU, it crumbles to dust.
It was a scroll of blinking.
z - a scroll of blinking
Found a leather armour.
Found a leather armour.
You now have 237 gold pieces (gained 12).
You now have 253 gold pieces (gained 16).
Found a leather armour.
You see here a +0 leather armour.
HP restored.
You see here a +0 dagger.
Done exploring.
Unknown command.
There is a stone staircase leading down here.
You climb downwards.
The orc wizard shouts!
Found 35 gold pieces, a scroll of revelation and a dagger.
Found an escape hatch in the ceiling and an escape hatch in the floor.
There is a stone staircase leading up here.
There are monsters nearby!
Casting: Sting (safe; 3% risk of failure)
Confirm with . or Enter, or press ? or * to list all spells.
You begin to radiate toxic energy.
The orc warrior shouts!
The orc warrior is poisoned.
The orc wizard is poisoned.
The orc wizard shouts!
The orc wizard is poisoned.
The orc wizard looks even sicker.
Casting: Olgreb's Toxic Radiance (quite dangerous; 13% risk of failure)
Confirm with . or Enter, or press ? or * to list all spells.
Your toxic radiance grows in intensity.
The orc wizard looks even sicker.
The orc wizard looks as sick as possible!
The orc wizard looks even sicker.
Unknown command.
The orc warrior looks even sicker.
The orc wizard mumbles some strange words.
The orc wizard flickers and vanishes!
Deactivating autopickup; reactivate with Ctrl-A.
A phantom comes into view.
The Council accepts your kill.
Reactivating autopickup.
You feel a bit more experienced.
The orc wizard looks even sicker.
Your toxic aura wanes.
You kill the orc wizard!
The Council accepts your kill.
You have reached level 8!
The orc warrior unwields a +0 long sword.
The orc warrior wields a +0 orcbow.
The orc warrior shoots an arrow.
The arrow hits you!
You see here a scroll of revelation.
The orc warrior shoots an arrow.
The arrow hits you!!
There is an escape hatch in the ceiling here.
The orc warrior shoots an arrow.
The arrow barely misses you.
You see here 10 gold pieces.
The orc warrior shoots an arrow.
The arrow hits you!
* * * LOW HITPOINT WARNING * * *
You start resting.
An ice beast comes into view.
You aren't carrying any pieces of jewellery.
Unknown command.
Okay, then.
Okay, then.
You lunge at the ice beast.
You barely miss the ice beast. You hit the ice beast.
You melt the ice beast.
The ice beast is lightly wounded.
The ice beast hits you. The ice beast freezes you! The ice beast hits you.
* * * LOW HITPOINT WARNING * * *
The ice beast freezes you!
* * * LOW HITPOINT WARNING * * *
You hit the ice beast.
You melt the ice beast.
The ice beast is moderately wounded.
The ice beast hits you.
* * * LOW HITPOINT WARNING * * *
The ice beast freezes you.
You die...

#?..# ..# #.. #...# ##
... ##o## #.. #$# ..#
#.# #.# #.# #.# #.# #.#
#.# #.# #.### #@# #...#
#Y# ###.# #.# #.# #.#
#.# #.# ##.# #.#
##.#.##########.###.##
##.###..................
#.## ##.############....


You could see an ice beast.

Vanquished Creatures
  A shadow (D:5)
  An ogre (D:6)
  A centaur (D:6)
  2 phantoms
  A centaur zombie (D:3)
  2 jellies (D:5)
  A hound (D:4)
  An iguana (D:4)
  Ijyb (D:5)
  2 orc wizards (D:7)
  A howler monkey zombie (D:3)
  3 gnolls (D:4)
  5 adders
  A shadow imp (D:5)
  A white imp (D:4)
  2 ufetubi (D:6)
  A dart slug (D:3)
  13 orcs
  3 ball pythons
  6 endoplasms
  2 goblins (D:4)
  3 hobgoblins
  2 jackals (D:5)
  3 kobolds (D:4)
  A bat (D:2)
  2 frilled lizards (D:3)
  A rat (D:3)
63 creatures vanquished.

Notes
Turn   | Place    | Note
-------+----------+-------------------------------------------
     0 | D:1      | Flugslaktarn the Octopode Alchemist began the quest for the
                  | Orb.
     0 | D:1      | Reached XP level 1. HP: 11/11 MP: 3/3
     7 | D:1      | Found a faded altar of an unknown god.
   114 | D:2      | Reached XP level 2. HP: 16/17 MP: 3/5
   327 | D:3      | Identified the +8 flail "Viecw" {flame, rElec}
   447 | D:2      | Reached skill level 4 in Alchemy
   523 | D:2      | You fall into a shaft and drop 2 floors!
   591 | D:4      | Reached XP level 3. HP: 21/21 MP: 2/6
   648 | D:4      | Reached XP level 4. HP: 22/27 MP: 4/8
   674 | D:4      | Found a staircase to the Ecumenical Temple.
   686 | Temple   | Entered the Ecumenical Temple
   691 | Temple   | Became a worshipper of the Wu Jian Council
   746 | D:4      | Reached skill level 1 in Fighting
   746 | D:4      | Reached skill level 1 in Maces & Flails
   746 | D:4      | Reached XP level 5. HP: 26/33 MP: 5/9
   810 | D:3      | Found a bloodstained altar of Trog.
   916 | D:3      | Found a runed translucent gate.
   916 | D:3      | Found a runed translucent gate.
   916 | D:3      | Found a runed translucent gate.
   916 | D:3      | Noticed AquilaWing's ghost (amateur HOMo)
   918 | D:3      | Found a basalt altar of Yredelemnul.
  1156 | D:5      | Entered Level 5 of the Dungeon
  1196 | D:5      | Identified the +1 whip of Causality {elec, rF++ Str-5 SInv
                  | Stlth+}
  1238 | D:5      | Reached * piety under Wu Jian
  1239 | D:5      | Reached XP level 6. HP: 36/41 MP: 5/10
  1288 | D:5      | Identified the +7 spear of the Badger {flame, Will+}
  1320 | D:5      | Noticed Ijyb
  1323 | D:5      | Killed Ijyb
  1355 | D:5      | Noticed a yak
  1355 | D:5      | Noticed a yak
  1357 | D:5      | Noticed a yak
  1357 | D:5      | Noticed a yak
  1421 | D:4      | Learned a level 4 spell: Olgreb's Toxic Radiance
  1443 | D:5      | Noticed a shadow
  1445 | D:5      | Reached skill level 5 in Alchemy
  1447 | D:5      | Killed a shadow
  1448 | D:5      | Reached XP level 7. HP: 47/47 MP: 11/11
  1793 | D:6      | Reached skill level 6 in Alchemy
  1818 | D:6      | Reached skill level 1 in Evocations
  1857 | D:6      | Found Kirexkis's Antique Weapon Shoppe.
  2072 | D:7      | Reached XP level 8. HP: 54/54 MP: 3/12
  2127 | D:7      | Slain by an ice beast

Illustrated notes

Levels and vault maps discovered:
D:1:      scummos_arrival_star, layout_rooms, chequers_ecumenical_altar_simple,
          nicolae_concentric_dashed_squares_wild, corexii_leaking_fountain,
          dk_noncrumbling_3
D:2:      layout_loops_corners, basic_altar, minmay_splitting_lines
D:3:      minmay_roachtagon, layout_loops_corners,
          mainiacjoe_overflow_surrounded_room, nicolae_yredelemnul_ghost_church
D:4:      layout_loops_ring, temple_green
D:5:      layout_rooms, nrook_mini_vaults, minivault_27, uniq_ijyb
D:6:      layout_rooms, serial_shops, shop
D:7:      layout_loops_ring, kennysheep_okawaru_gauntlet, serial_shops, shop,
          guppyfry_early_elven_hall
Temple:   minmay_freezing_vapour_temple

Skill      XL: |  1  2  3  4  5  6  7 |
---------------+----------------------+-----
Alchemy        | 4 5 6 |  6.5
Fighting       | 1 2 3 4 |  4.2
Maces & Flails | 1 2 3 4 |  4.2
Evocations     | 1 |  1.7
Dodging        | |  2.0
Stealth        | |  2.6
Spellcasting   | |  2.9
Conjurations   | |  1.0

Action                     |  1- 3 |  4- 6 |  7- 9 || total
---------------------------+-------+-------+-------++-------
  Melee: Unarmed           |    13 |       |       ||    13
         Tentacles         |     1 |    11 |     4 ||    16
         Constrict         |     1 |     8 |     6 ||    15
         Flail             |     3 |    48 |    23 ||    74
   Cast: Sting             |    21 |    22 |     4 ||    47
         Olgreb's Toxic Ra |       |       |     2 ||     2
Ability: Lunge             |       |     6 |     3 ||     9
    Use: Scroll            |       |     5 |     2 ||     7
         Potion            |       |       |     2 ||     2
   Stab: Distracted        |     1 |       |       ||     1
         Sleeping          |       |     2 |       ||     2
 Armour: Skin              |     6 |    13 |    13 ||    32
  Dodge: Dodged            |    13 |    28 |    19 ||    60

Table legend: (Time is in decaauts)
 A = Elapsed time spent in this place.
 B = Non-inter-level travel time spent in this place.
 C = Inter-level travel time spent in this place.
 D = Time resting spent in this place.
 E = Time spent auto-exploring this place.
 F = Levels seen in this place.
 G = Mean time per level.
                   A        B        C        D        E       F      G
               +--------+--------+--------+--------+--------+-----+--------+
         Total |   2146 |   1874 |    272 |     14 |   1039 |   8 |  268.2 |
       Dungeon |   2135 |   1867 |    268 |     14 |   1039 |   7 |  305.0 |
        Temple |     10 |      6 |      4 |      0 |      0 |   1 |   10.0 |
               +--------+--------+--------+--------+--------+-----+--------+

Top non-repeatable levels by time:
     D:4: 455 daAuts
     D:6: 428 daAuts
     D:5: 426 daAuts
     D:3: 391 daAuts
     D:2: 302 daAuts
     D:1: 71 daAuts
     D:7: 59 daAuts
  Temple: 10 daAuts
